 Dungeon Crawl Stone Soup version 0.29-a0-275-g389c0b56f3 (webtiles) character file.

Game seed: 12061313793955708139

817 HotDog the Cudgeller (level 7, -9/66 HPs)
             Began as a Gargoyle Fighter on Mar 10, 2022.
             Was a Follower of Qazlal.
             Shot with an arrow by a centaur (10 damage)
             ... on level 5 of the Dungeon.
             The game lasted 00:06:38 (5827 turns).

HotDog the Cudgeller (Gargoyle Fighter)             Turns: 5827, Time: 00:06:39

Health: -9/66      AC: 23    Str: 20 (21) XL:     7   Next: 94%
Magic:  9/9        EV:  2    Int:  6 (9)  God:    Qazlal [*.....]
Gold:   242        SH:  6    Dex:  8 (9)  Spells: 6/6 levels left

rFire   + . .      SeeInvis .   a - +0 flail
rCold   + . .      Faith    .   c - +0 buckler
rNeg    + . .      Spirit   .   (body armour currently unavailable)
rPois   ∞          Reflect  .   (helmet currently unavailable)
rElec   +          Harm     .   (cloak currently unavailable)
rCorr   +          Rampage  .   (gloves currently unavailable)
Will    .....      NoTele   +   (boots currently unavailable)
Stlth   +.........              (no amulet)
HPRegen 0.21/turn               (no ring)
MPRegen 0.11/turn               (no ring)

@: tree-form, resistant
A: stationary, stasis, torment immunity, boosted hp, sickness immunity, AC +4,
negative energy resistance 1, (electricity resistance), torment resistance 1,
petrification resistance
a: Renounce Religion


You were on level 5 of the Dungeon.
You worshipped Qazlal.
Qazlal was aware of your devotion.
You were a tree.
You visited 1 branch of the dungeon, and saw 5 of its levels.

You collected 242 gold pieces.

Inventory:

Hand Weapons
 a - a +0 flail (weapon)
Armour
 b - a +0 scale mail (melded)
 c - a +0 buckler (worn)
 o - a +0 pair of boots (melded)
 r - the +0 pair of gloves "Fuofiaggi" (melded) {-Cast Dex+8}
   (You found it on level 4 of the Dungeon)

   Dex:       It affects your dexterity (+8).
   -Cast:     It prevents spellcasting.
Wands
 i - a wand of iceblast (6)
 n - a wand of flame (12)
 q - a wand of acid (12)
Scrolls
 e - 2 scrolls of amnesia
 f - 3 scrolls of identify {unknown}
 g - a scroll of magic mapping {unknown}
 h - 2 scrolls of blinking {unknown}
 j - a scroll of teleportation {unknown}
 k - a scroll of silence {unknown}
 l - 2 scrolls of fear {unknown}
Potions
 d - 4 potions of might
 m - a potion of degeneration
 p - a potion of lignification
 s - a potion of resistance


   Skills:
 * Level 4.7 Fighting
 * Level 5.7 Maces & Flails
 * Level 5.0 Armour
 * Level 2.0 Dodging
 * Level 4.3 Shields
 * Level 2.7 Invocations


You had 6 spell levels left.
You didn't know any spells.
Your spell library contained the following spells:

 Spells                   Type           Power      Damage    Failure   Level
 Static Discharge         Conj/Air       0%         N/A       67%         2
 Conjure Flame            Conj/Fire      0%         6-21      88%         3
 Gell's Gravitas          Tloc           0%         N/A       88%         3
 Ignite Poison            Fire/Tmut/Pois 0%         N/A       88%         3
 Teleport Other           Tloc           0%         N/A       88%         3
 Dispel Undead            Necr           0%         3d6       99%         4
 Sticky Flame             Conj/Fire      0%         2d3       99%         4
 Dispersal                Tloc           0%         N/A       100%        6


Dungeon Overview and Level Annotations

Branches:
Dungeon (5/15)             Temple (0/1) D:4

Altars:
Fedhas
Qazlal


Innate Abilities, Weirdness & Mutations

You are a tree.
Your roots penetrate the ground, keeping you stationary.
You cannot be teleported.
You are immune to unholy pain and torment.
Your maximum health is greatly increased.
Your equipment is partially melded.
You are immune to sickness and miasma.
((Your stone body is resilient. (AC +4)))
You are immune to poison.
You resist negative energy. (rN+)
((You are resistant to electric shocks. (rElec)))
You are resistant to unholy torment.
You are immune to petrification.


Message History

You struggle against the net.
The centaur shoots an arrow.
The arrow hits you but does no damage.
You tear a large gash into the net.
The centaur shoots an arrow.
The arrow barely misses you.
You rip the net and break free!
The centaur shoots an arrow.
You block the arrow.
The gnoll hits you from afar with a +0 halberd!
The centaur shoots an arrow.
The arrow hits you!
The centaur shoots an arrow.
The arrow closely misses you. The gnoll closely misses you.
As you read the scroll labelled IRECYX QUKIU, it crumbles to dust.
It is a scroll of amnesia.
You feel forgetful for a moment.
The centaur shoots an arrow.
The arrow hits you. The gnoll hits you with a +0 flail.
* * * LOW HITPOINT WARNING * * *
The centaur shoots an arrow.
You block the arrow.
It was a potion of lignification.
You turn into a tree.
The +0 pair of gloves "Fuofiaggi" {-Cast Dex+8} melds into your body.
Your +0 pair of boots melds into your body.
Your +0 scale mail melds into your body.
Your roots penetrate the ground.
The centaur shoots an arrow.
The arrow hits you.
* * * LOW HITPOINT WARNING * * *
The gnoll hits you with a +0 flail.
* * * LOW HITPOINT WARNING * * *
It was a potion of degeneration.
There was something very wrong with that liquid.
You feel weakened.
You feel dopey.
You feel clumsy.
The centaur shoots an arrow.
The arrow hits you!
* * * LOW HITPOINT WARNING * * *
The gnoll barely misses you.
The centaur shoots an arrow.
The arrow barely misses you.
It was a potion of resistance.
You feel protected.
The centaur shoots an arrow.
The arrow hits you but does no damage. The gnoll hits you but does no damage.
You block the gnoll's attack. The gnoll hits you but does no damage.
It was a potion of flight.
Your roots keep you in place.
The centaur shoots an arrow.
The arrow hits you!
You die...

########## #........
#........# #........
#........# #........
#........# #........
#........# #........
#...c....# #........
.#........#### ##.....##
.............#####.###.##
......gg♣........#.#.....
........g..#.###.#.#.#.##
..########.#..##.#.#.....
. ...#####)##.##.#.####.#
.......................
##.#####.###.#.####+#.#
#.#####........#.....#
#........##..........#
########.###.........#


You could see a centaur and 3 gnolls.

Vanquished Creatures
  Grinder (D:3)
  Eustachio (D:4)
  A centaur (D:4)
  A scorpion (D:4)
  A hound (D:2)
  A jelly (D:4)
  3 iguanas (D:4)
  Ijyb (D:3)
  7 adders
  A white imp (D:4)
  3 worms
  3 dart slugs
  13 orcs
  11 endoplasms
  5 giant cockroaches
  8 hobgoblins
  3 jackals (D:1)
  2 quokkas
  6 ball pythons
  5 bats
  2 frilled lizards
  7 goblins
  4 kobolds
  5 rats
95 creatures vanquished.

Notes
Turn   | Place    | Note
-------+----------+-------------------------------------------
     0 | D:1      | HotDog the Gargoyle Fighter began the quest for the Orb.
     0 | D:1      | Reached XP level 1. HP: 14/14 MP: 1/1
   640 | D:1      | Reached XP level 2. HP: 19/19 MP: 2/2
   800 | D:1      | Found a faded altar of an unknown god.
  1147 | D:1      | Reached XP level 3. HP: 21/23 MP: 3/3
  1703 | D:2      | Reached XP level 4. HP: 28/28 MP: 4/4
  1822 | D:3      | Found a blossoming altar of Fedhas.
  2119 | D:3      | Reached skill level 1 in Invocations
  2185 | D:3      | Noticed Ijyb
  2214 | D:3      | Killed Ijyb
  2418 | D:3      | Reached XP level 5. HP: 33/33 MP: 5/5
  2848 | D:3      | Noticed Grinder
  2876 | D:3      | Paralysed by Grinder for 7 turns
  2883 | D:3      | Killed Grinder
  2884 | D:3      | Reached skill level 1 in Dodging
  2884 | D:3      | Reached XP level 6. HP: 33/38 MP: 5/7
  3549 | D:4      | Identified the +0 pair of gloves "Fuofiaggi" {-Cast Dex+8}
  3621 | D:4      | Noticed a water elemental
  3622 | D:4      | Found a stormy altar of Qazlal.
  3624 | D:4      | Noticed a fire elemental
  3629 | D:4      | Noticed an air elemental
  3793 | D:4      | Became a worshipper of Qazlal Stormbringer
  3821 | D:4      | Found a staircase to the Ecumenical Temple.
  4631 | D:4      | Reached XP level 7. HP: 23/43 MP: 8/8
  5021 | D:4      | Reached skill level 5 in Maces & Flails
  5388 | D:4      | Reached * piety under Qazlal
  5561 | D:4      | Noticed Eustachio
  5595 | D:4      | Killed Eustachio
  5596 | D:4      | Reached skill level 5 in Armour
  5737 | D:5      | Entered Level 5 of the Dungeon
  5825 | D:5      | HP: 1/66 [centaur/arrow (9)]
  5827 | D:5      | Shot with an arrow by a centaur

Illustrated notes

Levels and vault maps discovered:
D:1:      psy_arrival_basics, layout_loops_ring,
          hellmonk_ecumenical_altar_leap_of_faith, roderic_roman_lattice
D:2:      layout_basic
D:3:      layout_basic, fedhas_altar_3, uniq_ijyb, uniq_grinder
D:4:      layout_loops_cross, nicolae_qazlal_style_of_elements, temple_green,
          small_statue_intersection, kennysheep_donut, nzn_random_ring,
          uniq_eustachio
D:5:      cheibrodos_quashed, layout_basic, minmay_misc_feat_alley

Skill      XL: |  1  2  3  4  5  6  7 |
---------------+----------------------+-----
Maces & Flails | 3 4 5 |  5.7
Invocations    | 1 2 |  2.7
Armour         | 4 5 |  5.0
Fighting       | 4 |  4.7
Dodging        | 1 2 |  2.0
Shields        | 4 |  4.3

Action                   |  1- 3 |  4- 6 |  7- 9 || total
-------------------------+-------+-------+-------++-------
Melee: Flail             |   111 |   185 |    71 ||   367
  Use: Potion            |     1 |     1 |     4 ||     6
       Scroll            |       |       |     1 ||     1
Armor: Scale mail        |    78 |   130 |    45 ||   253
       Skin              |       |       |     3 ||     3
Dodge: Dodged            |    49 |   116 |    43 ||   208
Block: Buckler           |    23 |    55 |    24 ||   102

Table legend: (Time is in decaauts)
 A = Elapsed time spent in this place.
 B = Non-inter-level travel time spent in this place.
 C = Inter-level travel time spent in this place.
 D = Time resting spent in this place.
 E = Time spent auto-exploring this place.
 F = Levels seen in this place.
 G = Mean time per level.
                   A        B        C        D        E       F      G
               +--------+--------+--------+--------+--------+-----+--------+
         Total |   5923 |   5587 |    336 |    686 |   3954 |   5 | 1184.6 |
       Dungeon |   5923 |   5587 |    336 |    686 |   3954 |   5 | 1184.6 |
               +--------+--------+--------+--------+--------+-----+--------+

Top non-repeatable levels by time:
     D:4: 1986 daAuts
     D:3: 1514 daAuts
     D:2: 1179 daAuts
     D:1: 1153 daAuts
     D:5: 89 daAuts
